 Dungeon Crawl Stone Soup version 0.30.0-15-g856e2d3f33 (webtiles) character file.

Game seed: 2401644338945059458

5676 avis the Severer (level 10, -2/83 HPs)
             Began as a Hill Orc Fighter on May 19, 2023.
             Was a Priest of Beogh.
             Slain by a gnoll sergeant
             ... wielding a +0 spear of freezing
              (4 damage)
             ... on level 9 of the Dungeon.
             The game lasted 01:00:43 (10134 turns).

avis the Severer (Hill Orc Fighter)                Turns: 10134, Time: 01:00:44

Health: -2/83      AC: 12    Str: 27    XL:     10   Next: 75%
Magic:  18/18      EV:  8    Int:  6    God:    Beogh [***...]
Gold:   361        SH:  4    Dex: 10    Spells: 9/9 levels left

rFire   . . .        a - +4 war axe
rCold   . . .        c - +0 buckler
rNeg    + + +        V - +3 chain mail of Marbles {Drain rN+++ Str+3 Int-2}
rPois   .            (no helmet)
rElec   .            (no cloak)
rCorr   .            (no gloves)
SInv    .            (no boots)
Will    .....        e - amulet of faith Stlth
                     (no ring)
HPRegen 0.33/turn    (no ring)
MPRegen 0.16/turn

%: faith
@: no status effects
A: no striking features
a: Renounce Religion, Smiting


You were on level 9 of the Dungeon.
You worshipped Beogh.
Beogh was most pleased with you.
You visited 2 branches of the dungeon, and saw 10 of its levels.

You collected 517 gold pieces.
You spent 156 gold pieces at shops.

Inventory:

Hand Weapons
 a - a +4 war axe (weapon)
 b - a +2 whip of electrocution
 w - a +2 flail of protection
 A - a +0 war axe
 G - a +0 halberd
 R - a +0 shortbow
Missiles
 g - 3 boomerangs of dispersal
 j - 4 curare-tipped darts (quivered)
 o - 8 javelins
 q - 5 boomerangs
 K - 22 poisoned darts
 Q - 4 atropa-tipped darts
Armour
 c - a +0 buckler (worn)
 x - an orb of light
 V - the +3 chain mail of Marbles (worn) {Drain rN+++ Str+3 Int-2}
   (You found it on level 6 of the Dungeon)

   Str:       It affects your strength (+3).
   Int:       It affects your intelligence (-2).
   rN:        It renders you almost immune to negative energy.
   Drain:     It drains your maximum health when unequipped.
Jewellery
 e - an amulet of faith (around neck)
Wands
 y - a wand of roots (14)
 L - a wand of polymorph (9)
Scrolls
 h - 2 scrolls of enchant weapon {unknown}
 k - 6 scrolls of teleportation
 l - a scroll of poison {unknown}
 m - 3 scrolls of noise {unknown}
 p - 2 scrolls of fear {unknown}
 r - a scroll of blinking {unknown}
 v - a scroll of butterflies {unknown}
 B - a scroll of immolation
 C - a scroll of fog {unknown}
 F - 2 scrolls of identify {unknown}
 H - a scroll of enchant armour {unknown}
 I - a scroll of amnesia
 J - a scroll of acquirement {unknown}
 O - a scroll of vulnerability
 P - 3 scrolls of magic mapping {unknown}
Potions
 d - a potion of might
 f - a potion of lignification {unknown}
 i - a potion of curing
 n - a potion of attraction {unknown}
 s - 3 potions of degeneration {unknown}
 t - 4 potions of ambrosia {unknown}
 u - a potion of heal wounds {unknown}
 z - 3 potions of haste {unknown}
 D - a potion of invisibility {unknown}
 E - a potion of cancellation {unknown}
 M - a potion of berserk rage {unknown}
 N - a potion of mutation {unknown}
 U - a potion of flight {unknown}


   Skills:
 - Level 6.0 Fighting
 * Level 15.3 Axes
 - Level 5.0 Armour
 - Level 4.0 Shields
 * Level 11.3 Invocations


You had 9 spell levels left.
You didn't know any spells.
Your spell library contained the following spells:

 Spells                   Type           Power      Damage    Failure   Level
 Sandblast                Erth           0%         2d4       95%         1
 Cigotuvi's Dreadful Rot  Necr/Pois/Air  0%         N/A       99%         2
 Passwall                 Tmut/Erth      0%         N/A       99%         2
 Scorch                   Fire           0%         2d5       99%         2
 Call Canine Familiar     Summ           0%         N/A       100%        3
 Dazzling Flash           Conj/Hex       0%         N/A       100%        3
 Ignite Poison            Fire/Tmut/Pois 0%         N/A       100%        3
 Portal Projectile        Hex/Tloc       0%         N/A       100%        3
 Stone Arrow              Conj/Erth      0%         3d7       100%        3
 Dispel Undead            Necr           0%         3d6       100%        4
 Flame Wave               Conj/Fire      0%         2d4       100%        4
 Leda's Liquefaction      Hex/Erth       0%         N/A       100%        4
 Agony                    Necr           0%         N/A       100%        5
 Freezing Cloud           Conj/Ice/Air   0%         6-21      100%        5
 Silence                  Hex/Air        0%         N/A       100%        5
 Death Channel            Necr           0%         N/A       100%        6
 Summon Cactus Giant      Summ           0%         N/A       100%        6


Dungeon Overview and Level Annotations

Branches:
Dungeon (9/15)             Temple (1/1) D:5             Orc (0/2) D:9
   Lair: D:8-11

Altars:
Ashenzari
Cheibriados
Dithmenos
Elyvilon
Fedhas
Gozag
Hepliaklqana
Kikubaaqudgha
Makhleb
Nemelex Xobeh
Okawaru
Qazlal
Ru
Sif Muna
Trog
Vehumet
Wu Jian
Xom
Yredelemnul
Zin
The Shining One

Shops:
D:8 *

Annotations:
D:4 1 runed translucent door, hamfred's ghost, amateur DrTm
D:5 5 runed translucent doors, Loveship's ghost, novice DsNe; growler's ghost, novice MfTm
D:6 Finish off rust monsters for treasure.


Message History

* * * LOW HITPOINT WARNING * * *
The water moccasin barely misses you.
You slice the water moccasin!!
You kill the water moccasin!
Beogh accepts your kill.
The gnoll sergeant hits you from afar with a +3 trident of protection.
* * * LOW HITPOINT WARNING * * *
Okay, then.
Okay, then.
You swap places.
The gnoll sergeant misses your orc warrior.
Your orc warrior barely misses the gnoll sergeant.
The gnoll sergeant closely misses your orc warrior.
Your orc warrior hits the gnoll sergeant but does no damage.
The gnoll sergeant hits your orc warrior with a +3 trident of protection!
Your orc warrior hits the gnoll sergeant with a +0 dire flail!
The gnoll sergeant hits your orc warrior with a +3 trident of protection!
Your orc warrior hits the gnoll sergeant with a +0 dire flail!
The gnoll sergeant hits your orc warrior with a +3 trident of protection.
Your orc warrior hits the gnoll sergeant with a +0 dire flail!
The gnoll sergeant dies!
Beogh accepts your kill.
Your orc warrior looks more experienced.
You swap places. 2 kobold brigands come into view.
A kobold brigand is wielding a +0 club and quivering poisoned darts.
A kobold brigand is wielding a +0 whip and quivering poisoned darts.
The kobold brigand shouts!
The gnoll sergeant hits you with a +0 spear of freezing!
* * * LOW HITPOINT WARNING * * *
The gnoll sergeant freezes you.
* * * LOW HITPOINT WARNING * * *
The orc warrior relaxes its fighting stance and smiles at you.
It shouts, "I'll follow thee gladly!"
An orc warrior comes into view. It is wielding a +0 battleaxe.
Things that are here:
a +0 giant spiked club; an ogre corpse You swap places.
Your orc warrior hits the gnoll sergeant with a +0 dire flail!
The gnoll sergeant hits you from afar with a +0 spear of freezing.
You die...

... ... ...
##### #.#
#8..K8#.#
#.KKoo#.#
#.ogg.g)# #
#o# #. #@#
#.#######o#
#......oo#
#.....####
##....# ##
#...## ...##
##...#
.......##....#
...>........##


You could see a kobold brigand, a gnoll sergeant (ally target), an orc, 3
friendly orc warriors and a friendly orc priest.

Vanquished Creatures
  A two-headed ogre (D:8)
  A deep elf pyromancer (D:7)
  Pikel (D:5)
  An ugly thing (D:8)
  Sigmund (D:2)
  A wyvern (D:7)
  A water moccasin (D:9)
  An orc warrior (D:7)
  2 sky beasts (D:6)
  A black bear (D:4)
  2 ogres
  4 centaurs
  2 kobold brigands
  3 bullfrogs
  A gnoll sergeant (D:5)
  3 scorpions
  5 wights (D:6)
  9 killer bees
  A howler monkey (D:4)
  A bullfrog zombie (D:5)
  9 hounds
  2 jellies
  3 orc priests
  2 sleepcaps (D:6)
  3 iguanas
  An orc wizard (D:5)
  Natasha (twice) (D:2)
  A killer bee zombie (D:5)
  13 gnolls
  8 adders
  4 white imps
  An ufetubus (D:5)
  A worm (D:2)
  4 dart slugs
  22 orcs
  7 bats
  7 endoplasms
  3 giant cockroaches
  6 goblins
  4 hobgoblins
  4 jackals (D:1)
  8 quokkas
  3 ball pythons
  3 frilled lizards
  14 kobolds
  7 rats
184 creatures vanquished.

Vanquished Creatures (collateral kills)
  2 rust devils (D:7)
  A bullfrog (D:7)
  A gnoll sergeant (D:9)
  A killer bee (D:8)
  2 gnoll boudas (D:8)
  8 gnolls (D:8)
  3 kobolds (D:8)
18 creatures vanquished.

Vanquished Creatures (others)
  An orc wizard (D:6)
  5 orcs
6 creatures vanquished.

Grand Total: 208 creatures vanquished

Notes
Turn   | Place    | Note
-------+----------+-------------------------------------------
     0 | D:1      | avis the Hill Orc Fighter began the quest for the Orb.
     0 | D:1      | Reached XP level 1. HP: 19/19 MP: 1/1
   146 | D:1      | Reached skill level 3 in Axes
   148 | D:1      | Reached XP level 2. HP: 27/27 MP: 2/2
   437 | D:1      | Reached skill level 4 in Axes
   437 | D:1      | Reached XP level 3. HP: 33/33 MP: 3/3
   973 | D:2      | Reached XP level 4. HP: 40/40 MP: 4/4
  1130 | D:2      | Noticed Natasha
  1141 | D:2      | Reached skill level 5 in Axes
  1141 | D:2      | Killed Natasha
  1155 | D:2      | Found a faded altar of an unknown god.
  1359 | D:2      | Noticed Natasha
  1359 | D:2      | Noticed Sigmund
  1379 | D:2      | Killed Natasha
  1380 | D:2      | Reached XP level 5. HP: 32/46 MP: 2/5
  1448 | D:2      | Killed Sigmund
  1449 | D:2      | Reached skill level 7 in Axes
  1449 | D:2      | Reached XP level 6. HP: 52/52 MP: 6/6
  1746 | D:2      | Became a worshipper of Beogh the Brigand
  2345 | D:3      | Reached * piety under Beogh
  2346 | D:3      | Reached skill level 8 in Axes
  2346 | D:3      | Reached skill level 1 in Invocations
  2389 | D:3      | Reached XP level 7. HP: 47/60 MP: 6/8
  3263 | D:4      | Reached skill level 5 in Fighting
  3310 | D:4      | Reached skill level 9 in Axes
  3314 | D:4      | Reached ** piety under Beogh
  3686 | D:4      | Found a glowing silver altar of Zin.
  3861 | D:4      | Found a runed translucent door.
  3861 | D:4      | Noticed a two-headed ogre
  3861 | D:4      | Noticed hamfred's ghost (amateur DrTm)
  3966 | D:4      | Reached XP level 8. HP: 34/68 MP: 9/11
  4110 | D:4      | Reached skill level 10 in Axes
  4320 | D:5      | Entered Level 5 of the Dungeon
  4477 | D:5      | Found a runed translucent door.
  4483 | D:5      | Noticed Loveship's ghost (novice DsNe)
  4576 | D:5      | Found a transporter.
  4579 | D:5      | Found a transporter.
  4590 | D:5      | Found a broken altar of Ashenzari.
  4615 | D:5      | Found a staircase to the Ecumenical Temple.
  4631 | Temple   | Entered the Ecumenical Temple
  4677 | D:5      | Noticed Pikel
  4703 | D:5      | Killed Pikel
  4704 | D:5      | Reached skill level 11 in Axes
  4704 | D:5      | Reached skill level 5 in Invocations
  4891 | D:5      | Found a runed translucent door.
  4910 | D:5      | Found a shimmering altar of Xom.
  5166 | D:5      | Found a runed translucent gate.
  5166 | D:5      | Found a runed translucent gate.
  5166 | D:5      | Found a runed translucent gate.
  5166 | D:5      | Noticed growler's ghost (novice MfTm)
  5168 | D:5      | Found a basalt altar of Yredelemnul.
  5176 | D:5      | Reached XP level 9. HP: 74/74 MP: 13/13
  5192 | D:5      | Reached skill level 5 in Armour
  5455 | D:5      | Reached *** piety under Beogh
  5731 | D:6      | Reached skill level 12 in Axes
  5814 | D:6      | HP: 3/71 [wight/+1 long sword (10)]
  6315 | D:6      | Reached skill level 13 in Axes
  6551 | D:6      | Found a hazy altar of Hepliaklqana.
  7251 | D:7      | Reached XP level 10. HP: 8/81 MP: 11/16
  7502 | D:7      | Found a bloodstained altar of Trog.
  7600 | D:7      | Reached skill level 14 in Axes
  7777 | D:7      | Noticed a deep elf pyromancer
  7787 | D:7      | Killed a deep elf pyromancer
  7979 | D:6      | Noticed a rust devil
  7979 | D:6      | Noticed a rust devil
  7991 | D:7      | Reached skill level 10 in Invocations
  8613 | D:8      | Noticed a two-headed ogre
  8622 | D:8      | Killed a two-headed ogre
  8887 | D:7      | Killed a rust devil
  8889 | D:7      | Killed a rust devil
  8890 | D:7      | Reached skill level 15 in Axes
  9066 | D:6      | Identified the +3 chain mail of Marbles {Drain rN+++ Str+3
                  | Int-2}
  9256 | D:8      | Found Dinog's Assorted Antiques.
  9262 | D:8      | Bought a runed war axe for 156 gold pieces
  9605 | D:8      | Noticed a purple ugly thing
  9614 | D:8      | Killed a purple ugly thing
 10108 | D:9      | Found a staircase to the Orcish Mines.
 10133 | D:9      | HP: 1/83 [gnoll sergeant/+0 spear of freezing (5)]
 10134 | D:9      | Slain by a gnoll sergeant

Illustrated notes

Levels and vault maps discovered:
D:1:      minmay_arrival_solitary_statue, layout_basic,
          nicolae_figureground_pulse
D:2:      layout_loops_ring, serial_glass, glass_columns_b, glass_columns_b,
          glass_columns_a, glass_columns_a, glass_columns_b, glass_columns_a,
          glass_columns_b, glass_columns_a,
          ebering_ecumenical_altar_sacrificial, uniq_natasha, uniq_sigmund
D:3:      layout_basic
D:4:      layout_basic, general_overflow_altar, ebering_ghost_inner_flame,
          dreamdust_gnoll_farm
D:5:      layout_loops_ring, nicolae_yredelemnul_ghost_church,
          brannock_xom_greatest_gift, gammafunk_temple_overflow_arena,
          minmay_temple_entry_gardened_gates, ebering_ghost_sewer_f, uniq_pikel
D:6:      cheibrodos_iron_armory, layout_cave_pools, kennysheep_mini
D:7:      nicolae_cairo_tiling_large, layout_basic,
          mainiacjoe_overflow_six_doors_small, guppyfry_early_elven_hall
D:8:      layout_cave_pools, serial_shops, nicolae_shop_stone
D:9:      layout_cave_pods, kennysheep_orc_monster_closet_entryway,
          minmay_circle_x
Temple:   nicolae_temple_no_exploring_needed

Skill      XL: |  1  2  3  4  5  6  7  8  9 10 |
---------------+-------------------------------+-----
Fighting       | 4 5 6 |  6.0
Axes           | 3 4 5 7 8 9 11 13 15 | 15.3
Armour         | 4 5 |  5.0
Shields        | 4 |  4.0
Invocations    | 1 4 6 9 11 | 11.3

Action                     |  1- 3 |  4- 6 |  7- 9 | 10-12 || total
---------------------------+-------+-------+-------+-------++-------
  Melee: War axe           |    95 |   113 |   297 |    21 ||   526
         Hand axe          |       |       |    57 |    66 ||   123
 Invoke: Convert to Beogh  |       |     1 |       |       ||     1
         Smiting           |       |       |     5 |     2 ||     7
    Use: Scroll            |       |       |     3 |       ||     3
         Potion            |       |       |     1 |     1 ||     2
   Stab: Distracted        |       |       |       |     3 ||     3
 Armour: Scale mail        |     8 |       |       |       ||     8
         Chain mail        |    46 |    70 |    18 |     4 ||   138
         Plate armour      |       |       |   176 |    34 ||   210
  Dodge: Dodged            |    31 |    45 |   118 |    29 ||   223
  Block: Buckler           |    13 |    25 |    81 |    20 ||   139
